 Dungeon Crawl Stone Soup version 0.29.0-11-gd7f09526c8 (webtiles) character file.

Game seed: 15355697755269329902

51 Powertoast the Trooper (level 3, -2/33 HPs)
             Began as a Ghoul Monk on Sept 2, 2022.
             Slain by a gnoll
             ... wielding a +0 spear
              (8 damage)
             ... on level 3 of the Dungeon.
             The game lasted 00:05:47 (2282 turns).

Powertoast the Trooper (Ghoul Monk)                 Turns: 2282, Time: 00:05:48

Health: -2/33      AC:  4    Str: 16    XL:     3   Next: 83%
Magic:  2/2        EV: 12    Int:  5    God:
Gold:   142        SH:  0    Dex: 11    Spells: 2/2 levels left

rFire   . . .      SeeInvis .     - Unarmed
rCold   + . .      Faith    .   (no shield)
rNeg    + + +      Spirit   .   m - +1 leather armour of Discretion {rN+}
rPois   ∞          Reflect  .   (no helmet)
rElec   .          Harm     .   (no cloak)
rCorr   .          Rampage  .   (no gloves)
Will    .....                   (no boots)
Stlth   ++........              (no amulet)
HPRegen 0.00/turn               (no ring)
MPRegen 0.08/turn               (no ring)

@: inhibited regen
A: claws 1, cold resistance 1, negative energy resistance 3, inhibited
regeneration, torment resistance 2, devour on kill
a: no special abilities


You were on level 3 of the Dungeon.
You visited 1 branch of the dungeon, and saw 3 of its levels.

You collected 142 gold pieces.

Inventory:

Hand Weapons
 g - a +3 dagger of protection
Armour
 a - a +0 robe
 f - a +0 pair of gloves
 m - the +1 leather armour of Discretion (worn) {rN+}
   (You found it on level 2 of the Dungeon)

   rN:        It protects you from negative energy.
Jewellery
 n - a ring of ice
Scrolls
 c - a scroll of vulnerability {unknown}
 e - a scroll of enchant weapon {unknown}
 h - a scroll of identify {unknown}
 i - 2 scrolls of blinking {unknown}
 k - a scroll of magic mapping {unknown}
Potions
 b - a potion of ambrosia
 d - a potion of mutation {unknown}
 j - a potion of berserk rage {unknown}
 l - 2 potions of lignification {unknown}


   Skills:
 + Level 3.9 Fighting
 - Level 3.0 Dodging
 - Level 3.0 Stealth
 + Level 3.9 Unarmed Combat


You had 2 spell levels left.
You didn't know any spells.
Your spell library contained the following spells:

 Spells                   Type           Power      Damage    Failure   Level
 Conjure Flame            Conj/Fire      0%         6-21      89%         3
 Ignite Poison            Fire/Tmut/Pois 0%         N/A       89%         3
 Sticky Flame             Conj/Fire      0%         2d3       100%        4


Dungeon Overview and Level Annotations

Branches:
Dungeon (3/15)

Altars:


Innate Abilities, Weirdness & Mutations

You are immune to poison.
You have sharp fingernails.
Your flesh is cold resistant. (rC+)
You are immune to negative energy. (rN+++)
You do not regenerate when monsters are visible.
You are immune to unholy pain and torment.
You thrive by killing the living.


Message History

Where to? (Enter - D:2, ? - help)
There is a stone staircase leading down here.
You climb downwards.
There is a stone staircase leading up here. 4 gnolls come into view.
Found 12 gold pieces.
The gnoll shouts! x2
The gnoll moves out of view.
The gnoll shouts!
The gnoll hits you but does no damage.
You scratch the gnoll.
The gnoll is heavily wounded.
You claw the gnoll!
You kill the gnoll!
The gnoll hits you from afar with a +0 spear.
An adder comes into view.
The gnoll barely misses you.
The gnoll hits you from afar with a +0 spear.
You see here a +0 flail.
You barely miss the gnoll. The gnoll hits you but does no damage.
The gnoll misses you.
You claw the gnoll!
The gnoll is severely wounded.
The gnoll barely misses you. x2
You scratch the gnoll.
The gnoll is severely wounded.
The gnoll hits you with a +0 spear!
The gnoll hits you from afar with a +0 spear.
You barely miss the gnoll.
The gnoll is severely wounded.
The gnoll hits you with a +0 spear.
* * * LOW HITPOINT WARNING * * *
The gnoll barely misses you.
You barely miss the gnoll.
The gnoll is severely wounded.
The gnoll hits you with a +0 spear.
* * * LOW HITPOINT WARNING * * *
The gnoll hits you but does no damage.
The gnoll hits you from afar with a +0 spear!
You die...

#......#
#.#.####
#.#.#
#.#.#
#.#.#
#.#.#
#.#<#
#.######.#
#.@)gggS.#
##########


You could see 3 gnolls and an adder.

Vanquished Creatures
  A gnoll (D:3)
  An adder (D:2)
  2 worms (D:2)
  5 ball pythons
  5 bats
  2 endoplasms
  A giant cockroach (D:1)
  4 jackals (D:1)
  A frilled lizard (D:1)
  2 goblins (D:1)
  2 kobolds
  A rat (D:1)
27 creatures vanquished.

Notes
Turn   | Place    | Note
-------+----------+-------------------------------------------
     0 | D:1      | Powertoast the Ghoul Monk began the quest for the Orb.
     0 | D:1      | Reached XP level 1. HP: 19/19 MP: 0/0
   136 | D:1      | Reached XP level 2. HP: 20/26 MP: 1/1
  1196 | D:2      | Reached XP level 3. HP: 4/33 MP: 2/2
  2130 | D:2      | Identified the +1 leather armour of Discretion {rN+}
  2282 | D:3      | Slain by a gnoll

Illustrated notes

Levels and vault maps discovered:
D:1:      amcnicky_arrival_gap_in_the_tavern_cellar, layout_basic
D:2:      layout_rooms
D:3:      layout_basic, serial_shops, nicolae_lakefront_shop,
          shapermc_ecumenical_altar_gd

Skill      XL: |  1  2  3 |
---------------+----------+-----
Dodging        | 3 |  3.0
Stealth        | 3 |  3.0
Fighting       | |  3.9
Unarmed Combat | |  3.9

Action                   || total
-------------------------++-------
Melee: Unarmed           ||   105
       Punch             ||     4
 Stab: Sleeping          ||     4
Armor: Robe              ||    31
       Leather armour    ||     4
Dodge: Dodged            ||   102
